 Dungeon Crawl Stone Soup version 0.31-a0-165-g3f4f80340b (webtiles) character file.

Game seed: 9291589112237832321

62 qw the Shooter (level 4, 0/39 HPs)
             Began as a Naga Hunter on June 13, 2023.
             Slain by a goblin
             ... wielding a +0 club
             ... led by Robin
              (3 damage)
             ... on level 2 of the Dungeon.
             The game lasted 00:00:29 (1090 turns).

qw the Shooter (Naga Hunter)                        Turns: 1090, Time: 00:00:29

Health: 0/39       AC:  4    Str: 13    XL:     4   Next: 8%
Magic:  0/4        EV:  9    Int: 10    God:
Gold:   42         SH:  0    Dex: 16    Spells: 3/3 levels left

rFire   . . .        Y - +0 shortbow
rCold   . . .        (shield currently unavailable)
rNeg    . . .        c - +0 leather armour
rPois   +            (no helmet)
rElec   .            (no cloak)
rCorr   .            h - +1 pair of gloves
SInv    +            (no barding)
Will    .....        m - amulet of guardian spirit
Stlth   ++           (no ring)
HPRegen 0.26/turn    (no ring)
MPRegen 0.09/turn

%: guardian spirit
@: short of breath, very slow
A: AC +1, large, see invisible, deformed body, poison resistance, slowness 2,
spit poison 1, naga tail 1
a: Spit Poison


You were on level 2 of the Dungeon.
You visited 1 branch of the dungeon, and saw 2 of its levels.

You collected 42 gold pieces.


Innate Abilities, Weirdness & Mutations

Your serpentine skin is tough. (AC +1)
You have supernaturally acute eyesight. (SInv)
Armour fits poorly on your strangely shaped body.
Your system is resistant to poisons. (rPois)
You cover ground very slowly.
You can spit poison.
You have a snake-like lower body.


   Skills:
 + Level 2.0 Fighting
 - Level 5.0 Ranged Weapons
 - Level 1.5 Dodging
 - Level 1.5 Stealth


You had 3 spell levels left.
You didn't know any spells.
Your spell library was empty.

Inventory:

Hand Weapons
 Y - a +0 shortbow (weapon)
Armour
 c - a +0 leather armour (worn)
 h - a +1 pair of gloves (worn)
Jewellery
 m - an amulet of guardian spirit (around neck)
Scrolls
 e - a scroll of enchant weapon {unknown}
 f - 3 scrolls of revelation {unknown}
Potions
 a - a potion of might {unknown}
 b - a potion of enlightenment {unknown}
 d - a potion of brilliance {unknown}

Dungeon Overview and Level Annotations

Branches:
Dungeon (2/15)

Altars:

Shops:
D:1 *


Message History

The goblin closely misses you.
You shoot an arrow. The arrow completely misses Robin.
You have got your breath back.
Robin roars a battlecry!
The goblin goes into a battle-frenzy!
The goblin hits you but does no damage. x2; Robin throws the goblin at you!
The goblin misses you. The goblin hits you but does no damage.
1085 ||| INVOKING Spit Poison.
Aiming: Spit Poison (2% risk of failure)
Press: ? - help, Shift-Dir - straight line, f/p - Robin The splash of poison hits Robin but does no damage.
Robin looks even sicker.
Robin is heavily wounded.
The goblin hits you but does no damage. The goblin barely misses you.
The goblin hits you with a +0 dagger. Robin barely misses you.
You shoot an arrow.
The arrow hits Robin but does no damage.
Robin is severely wounded.
The goblin hits you with a +0 club. The goblin closely misses you.
The goblin barely misses you. Robin hits you but does no damage.
You shoot an arrow. The arrow barely misses Robin.
Robin hits you with a +0 club. The goblin hits you with a +0 club. x2
The goblin hits you with a +0 dagger.
You shoot an arrow. The arrow hits Robin.
Robin is almost dead.
The goblin misses you. Robin closely misses you.
The goblin hits you with a +0 dagger. The goblin hits you but does no damage.
You shoot an arrow. The arrow hits Robin.
You kill Robin!
You have got your breath back.
The goblin hits you with a +0 club. The goblin hits you but does no damage.
The goblin barely misses you.
Your Ranged Weapons skill increases to level 5!
You have reached level 4!
You feel clever.
1090 ||| INVOKING Spit Poison.
Aiming: Spit Poison (1% risk of failure)
Press: ? - help, Shift-Dir - straight line, f - goblin The splash of poison misses the goblin.
The goblin hits you with a +0 club.
You die...

# # .# #.####.
#####.#...
........ .># .
#.#.#)# #.#
#.#...#@####.#
#.....ggg..#)#
#..........#.#
#..........#.#
#..........#.#
#..........'.#
#..........#.#
#..........#.#
#..........#.#


You could see 3 goblins.

Vanquished Creatures
  Robin (D:2)
  An adder (D:2)
  An endoplasm (D:1)
  5 giant cockroaches
  9 goblins
  A hobgoblin (D:1)
  4 kobolds
  3 quokkas (D:1)
  5 ball pythons
  4 bats
  3 frilled lizards (D:1)
  3 rats
40 creatures vanquished.

Notes
Turn   | Place    | Note
-------+----------+-------------------------------------------
     0 | D:1      | qw the Naga Hunter began the quest for the Orb.
     0 | D:1      | Reached XP level 1. HP: 19/19 MP: 1/1
     0 | D:1      | 0 ||| qw: Version: 0.2-a-29-gc1b59c4
     0 | D:1      | 0 ||| qw: Game counter: 4637
     0 | D:1      | 0 ||| qw: Always use a shield: true
     0 | D:1      | 0 ||| qw: God list: Okawaru
     0 | D:1      | 0 ||| qw: Allow faded altars: false
     0 | D:1      | 0 ||| qw: Do Orc after D:15 true
     0 | D:1      | 0 ||| qw: Do second Lair branch before Depths: true
     0 | D:1      | 0 ||| qw: Lair rune preference: random
     0 | D:1      | 0 ||| qw: Plans: Normal
     0 | D:1      | 0 ||| PLANNING D:1-11
     7 | D:1      | 7 ||| INVOKING Spit Poison.
    12 | D:1      | 12 ||| INVOKING Spit Poison.
    30 | D:1      | 30 ||| INVOKING Spit Poison.
    82 | D:1      | Reached skill level 4 in Ranged Weapons
    82 | D:1      | Reached XP level 2. HP: 26/26 MP: 2/2
   191 | D:1      | 191 ||| INVOKING Spit Poison.
   192 | D:1      | 192 ||| INVOKING Spit Poison.
   193 | D:1      | Found Xaukoank's Assorted Antiques.
   198 | D:1      | 198 ||| SHOPLISTING fizzy grey potion (22 gold, have 16).
   198 | D:1      | 198 ||| SHOPLISTING gold wand (100 gold, have 16).
   198 | D:1      | 198 ||| SHOPLISTING scroll labelled GUETWIUMUMA (25 gold,
                  | have 16).
   198 | D:1      | 198 ||| SHOPLISTING small sapphire ring (125 gold, have
                  | 16).
   207 | D:1      | 207 ||| INVOKING Spit Poison.
   212 | D:1      | 212 ||| INVOKING Spit Poison.
   262 | D:1      | 262 ||| INVOKING Spit Poison.
   296 | D:1      | 296 ||| INVOKING Spit Poison.
   352 | D:1      | 352 ||| INVOKING Spit Poison.
   437 | D:1      | 437 ||| INVOKING Spit Poison.
   521 | D:1      | 521 ||| INVOKING Spit Poison.
   562 | D:1      | 562 ||| INVOKING Spit Poison.
   649 | D:1      | 649 ||| UPGRADING to +0 pair of gloves.
   654 | D:1      | 654 ||| UPGRADING to amulet of guardian spirit.
   659 | D:1      | 659 ||| READING 2 scrolls labelled OHA QEIGUEM.
   660 | D:1      | 660 ||| READING scroll of enchant armour.
   660 | D:1      | 660 ||| ENCHANTING +0 pair of gloves.
   661 | D:1      | 661 ||| READING scroll labelled OGYB OMEMUHE.
   662 | D:1      | 662 ||| READING scroll labelled FURUPR NYRHO.
   763 | D:1      | 763 ||| READING scroll labelled GUETWIUMUMA.
   768 | D:1      | 768 ||| READING scroll labelled IJEVAF PANGE.
   769 | D:1      | 769 ||| READING scroll labelled HETTEW JAUGINK.
   770 | D:1      | 770 ||| DRINKING 3 purple potions.
   817 | D:1      | 817 ||| DROPPING scroll of butterflies.
   818 | D:1      | 818 ||| DROPPING 2 potions of lignification.
   847 | D:2      | 847 ||| INVOKING Spit Poison.
   853 | D:2      | Reached XP level 3. HP: 32/32 MP: 3/3
   892 | D:2      | 892 ||| INVOKING Spit Poison.
   953 | D:2      | 953 ||| INVOKING Spit Poison.
  1008 | D:2      | 1008 ||| INVOKING Spit Poison.
  1014 | D:2      | 1014 ||| INVOKING Spit Poison.
  1021 | D:2      | 1021 ||| INVOKING Spit Poison.
  1060 | D:2      | 1060 ||| INVOKING Spit Poison.
  1072 | D:2      | 1072 ||| INVOKING Spit Poison.
  1074 | D:2      | Noticed Robin
  1075 | D:2      | 1075 ||| INVOKING Spit Poison.
  1079 | D:2      | 1079 ||| INVOKING Spit Poison.
  1082 | D:2      | 1082 ||| INVOKING Spit Poison.
  1085 | D:2      | 1085 ||| INVOKING Spit Poison.
  1087 | D:2      | HP: 7/32 [goblin/+0 club[Robin] (4)]
  1088 | D:2      | HP: 3/32 [goblin/+0 dagger[Robin] (2)]
  1089 | D:2      | Killed Robin
  1090 | D:2      | Reached skill level 5 in Ranged Weapons
  1090 | D:2      | Reached XP level 4. HP: 3/39 MP: 0/4
  1090 | D:2      | 1090 ||| INVOKING Spit Poison.
  1090 | D:2      | Slain by a goblin

Levels and vault maps discovered:
D:1:      tarquinn_simple_flora_water_f, layout_loops_ring, serial_shops,
          shop_fountains
D:2:      layout_basic, basic_altar, bh_walls_and_bars, uniq_robin

Skill      XL: |  1  2  3 |
---------------+----------+-----
Ranged Weapons | 4 5 |  5.0
Fighting       | |  2.0
Dodging        | |  1.5
Stealth        | |  1.5

Action                     |  1- 3 |  4- 6 || total
---------------------------+-------+-------++-------
   Fire: Shortbow          |    70 |       ||    70
Ability: Spit Poison       |    24 |     1 ||    25
    Use: Scroll            |     7 |       ||     7
         Potion            |     1 |       ||     1
 Armour: Leather armour    |    13 |       ||    13
  Dodge: Dodged            |    16 |       ||    16

Table legend:
 A = Non-vault XP
 B = Vault XP
 C = Vault XP percentage of total XP
 D = Non-vault monster count
 E = Vault monster count
 F = Vault count percentage of total count
                 A         B        C        D         E       F
            +---------+---------+-------+---------+---------+-------
      Total |      64 |      25 |  28.1 |      34 |       6 |  15.0
            +---------+---------+-------+---------+---------+-------
        D:1 |      32 |       0 |   0.0 |      21 |       0 |   0.0
        D:2 |      32 |      25 |  43.9 |      13 |       6 |  31.6
            +---------+---------+-------+---------+---------+-------
